 Dungeon Crawl Stone Soup version 0.31-a0-232-gb1c03b2570 (webtiles) character file.

Game seed: 2751178343345252619

38 qw the Shooter (level 3, -8/21 HPs)
             Began as a Gargoyle Hexslinger on July 7, 2023.
             Killed from afar by Sigmund (9 damage)
             ... with a magic dart
             ... on level 2 of the Dungeon.
             The game lasted 00:00:26 (1103 turns).

qw the Shooter (Gargoyle Hexslinger)                Turns: 1103, Time: 00:00:26

Health: -8/21      AC:  9    Str: 11    XL:     3   Next: 43%
Magic:  4/4        EV: 12    Int: 13    God:
Gold:   45         SH:  0    Dex: 14    Spells: 3/4 levels left

rFire   . . .        Y - +1 sling
rCold   . . .        (no shield)
rNeg    + . .        c - +0 robe
rPois   inf          g - +2 helmet
rElec   +            (no cloak)
rCorr   .            f - +0 pair of gloves
SInv    .            (no boots)
Will    .....        (no amulet)
Stlth   +            (no ring)
HPRegen 0.23/turn    (no ring)
MPRegen 0.09/turn

%: no passive effects
@: no status effects
A: sickness immunity, AC +3, negative energy resistance 1, electricity
resistance, torment resistance 1, petrification resistance
a: no special abilities


You were on level 2 of the Dungeon.
You visited 1 branch of the dungeon, and saw 2 of its levels.

You collected 45 gold pieces.


Innate Abilities, Weirdness & Mutations

You are immune to sickness and miasma.
Your stone body is resilient. (AC +3)
You are immune to poison.
You resist negative energy. (rN+)
You are resistant to electric shocks. (rElec)
You are resistant to unholy torment.
You are immune to petrification.


   Skills:
 - Level 2.0 Fighting
 + Level 3.4 Ranged Weapons
 - Level 1.5 Dodging
 - Level 1.0 Spellcasting
 - Level 2.6 Hexes


You had 3 spell levels left.
You knew the following spells:

 Your Spells              Type           Power      Damage    Failure   Level
a - Slow                  Hex            28%        N/A       10%         1

Your spell library contained the following spells:

 Spells                   Type           Power      Damage    Failure   Level
 Inner Flame              Hex/Fire       4%         N/A       43%         3
 Portal Projectile        Hex/Tloc       8%         N/A       43%         3
 Cause Fear               Hex            3%         N/A       67%         4

Inventory:

Hand Weapons
 Y - a +1 sling (weapon)
Armour
 a - a scarf of invisibility
 c - a +0 robe (worn)
 f - a +0 pair of gloves (worn)
 g - a +2 helmet (worn)
Scrolls
 b - a scroll of identify {unknown}
Potions
 d - a potion of ambrosia {unknown}

Dungeon Overview and Level Annotations

Branches:
Dungeon (2/15)

Altars:

Annotations:
D:2 Sigmund


Message History

The frilled lizard unfolds its giant frill.
The frilled lizard bites you but does no damage.
The frilled lizard bites you but does no damage.
You feel less confused.
The frilled lizard unfolds its giant frill.
Something hits you. The frilled lizard bites you.
You shoot a sling bullet.
The sling bullet hits the frilled lizard!
You kill the frilled lizard!
Something hits you!
You shoot a sling bullet. The sling bullet hits the hobgoblin.
You kill the hobgoblin!
The frilled lizard closely misses you.
You shoot a sling bullet.
The sling bullet hits the frilled lizard.
You kill the frilled lizard!
You hear some strange, mumbled words.
Something tries to affect you, but you resist.
You shoot a sling bullet. The sling bullet hits the endoplasm.
The endoplasm is heavily wounded.
Something hits you but does no damage.
You shoot a sling bullet. The sling bullet hits the endoplasm.
You kill the endoplasm!
Something hits you.
You shoot a sling bullet.
The sling bullet barely misses the frilled lizard.
Something hits you.
You shoot a sling bullet. You shoot a sling bullet. Something hits you.
The kobold throws a stone.
The stone misses you.
You shoot a sling bullet.
The sling bullet closely misses the frilled lizard.
A magic dart appears from out of thin air!
The magic dart hits you.
You shoot a sling bullet.
The sling bullet barely misses the frilled lizard.
The kobold throws a stone.
A magic dart appears from out of thin air!
The magic dart hits you!
You die...

.#
#.###.....#
#.........#
#####.....#
#.....#
#.....#
#.....#
#.)...#
#.....#
#..%.@#
######?{l....
.#K!... .#
(#$# .. # .#
.# ..


You could see a kobold and a frilled lizard.

Vanquished Creatures
  A dart slug (D:1)
  3 ball pythons
  A bat (D:1)
  4 endoplasms
  4 goblins (D:1)
  3 hobgoblins
  6 kobolds (D:1)
  2 quokkas (D:1)
  5 frilled lizards
  2 rats (D:1)
31 creatures vanquished.

Notes
Turn   | Place    | Note
-------+----------+-------------------------------------------
     0 | D:1      | qw the Gargoyle Hexslinger began the quest for the Orb.
     0 | D:1      | Reached XP level 1. HP: 12/12 MP: 2/2
     0 | D:1      | 0 ||| qw: Version: 0.3-a-46-gb1f654a
     0 | D:1      | 0 ||| qw: Game counter: 2962
     0 | D:1      | 0 ||| qw: Melee chars always use a shield: true
     0 | D:1      | 0 ||| qw: God list: Okawaru
     0 | D:1      | 0 ||| qw: Allow faded altars: false
     0 | D:1      | 0 ||| qw: Do Orc after clearing Dungeon:15 true
     0 | D:1      | 0 ||| qw: Do second Lair branch before Depths: true
     0 | D:1      | 0 ||| qw: Lair rune preference: random
     0 | D:1      | 0 ||| qw: Goals: Normal
     0 | D:1      | 0 ||| PLANNING D:1-11
   108 | D:1      | HP: 3/12 [quokka (4)]
   180 | D:1      | Reached XP level 2. HP: 16/16 MP: 3/3
   296 | D:1      | Reached skill level 3 in Ranged Weapons
   432 | D:1      | Found a faded altar of an unknown god.
   550 | D:1      | Reached XP level 3. HP: 21/21 MP: 4/4
   874 | D:1      | 874 ||| UPGRADING to +0 pair of gloves.
   879 | D:1      | 879 ||| UPGRADING to +2 helmet.
   884 | D:1      | 884 ||| READING scroll labelled HUOMIO TARRONN.
   885 | D:1      | 885 ||| READING scroll labelled VARUTIKH AQUFI.
   886 | D:1      | 886 ||| DROPPING scroll of poison.
  1087 | D:2      | Noticed Sigmund
  1099 | D:2      | HP: 5/21 [something (2)]
  1102 | D:2      | HP: 1/21 [something/magic dart (3)]
  1103 | D:2      | Killed from afar by Sigmund

Levels and vault maps discovered:
D:1:      eino_arrival_cavern_e, layout_basic,
          hellmonk_ecumenical_altar_heavens_door, serial_glass, glass_columns_c,
          glass_columns_a, due_unseen_surprise, item_on_display_a,
          minmay_strange_pillars, feat_on_display, minmay_tetromino_o2
D:2:      layout_basic, minmay_tall_x, uniq_sigmund

Skill      XL: |  1  2 |
---------------+-------+-----
Ranged Weapons | 3 |  3.4
Fighting       | 2 |  2.0
Dodging        | |  1.5
Spellcasting   | |  1.0
Hexes          | |  2.6

Action                     || total
---------------------------++-------
   Fire: Sling             ||   106
    Use: Scroll            ||     2
 Armour: Robe              ||    12
  Dodge: Dodged            ||    37

Table legend:
 A = Non-vault XP
 B = Vault XP
 C = Vault XP percentage of total XP
 D = Non-vault monster count
 E = Vault monster count
 F = Vault count percentage of total count
                 A         B        C        D         E       F
            +---------+---------+-------+---------+---------+-------
      Total |      46 |       9 |  16.4 |      26 |       5 |  16.1
            +---------+---------+-------+---------+---------+-------
        D:1 |      34 |       4 |  10.5 |      19 |       2 |   9.5
        D:2 |      12 |       5 |  29.4 |       7 |       3 |  30.0
            +---------+---------+-------+---------+---------+-------
